 Dungeon Crawl Stone Soup version 0.31-a0-920-g28cbb04a8c (webtiles) character file.

Game seed: 14195578560714483361

53 Xavori the Trooper (level 3, -4/27 HPs)
             Began as an Octopode Chaos Knight on Oct 17, 2023.
             Was a Plaything of Xom.
             Slain by a gnoll
             ... wielding a +0 whip
              (7 damage)
             ... on level 2 of the Dungeon.
             The game lasted 00:01:22 (10484 turns).

Xavori the Trooper (Octopode Chaos Knight)         Turns: 10484, Time: 00:01:23

Health: -4/27      AC:  1    Str: 10 (11) XL:     3   Next: 89%
Magic:  3/3        EV: 14    Int: 14      God:    Xom [....*.]
Gold:   37         SH:  0    Dex: 13      Spells: 2/2 levels left

rFire   . . .        f - +0 dagger (venom)
rCold   . . .        (no shield)
rNeg    . . .        (helmet restricted)
rPois   .            (no amulet)
rElec   .            (no ring)
rCorr   .            (no ring)
SInv    .            (no ring)
Will    .....        (no ring)
Stlth   ++           (no ring)
HPRegen 0.24/turn    (no ring)
MPRegen 0.08/turn    (no ring)
                     (no ring)

%: no passive effects
@: no status effects
A: almost no armour, amphibious, 8 rings, camouflage 1, gelatinous body 1,
(nimble swimmer 1), tentacles
a: Renounce Religion


You were on level 2 of the Dungeon.
You worshipped Xom.
You were a beloved toy of Xom.
You visited 1 branch of the dungeon, and saw 2 of its levels.

You collected 135 gold pieces.
You spent 98 gold pieces at shops.

Inventory:

Hand Weapons
 a - a +0 short sword of chaos
 f - a +0 dagger of venom (weapon)
Scrolls
 b - a scroll of butterflies
 g - a scroll of identify {unknown}
 i - 3 scrolls of teleportation
 k - a scroll of fear
Potions
 c - a potion of resistance {unknown}
 d - a potion of mutation {unknown}
 e - a potion of brilliance {unknown}
 h - a potion of heal wounds
Miscellaneous
 j - a phantom mirror


   Skills:
 + Level 3.6 Fighting
 + Level 3.5 Short Blades
 + Level 3.1 Dodging
 + Level 0.2 Evocations


You had 2 spell levels left.
You didn't know any spells.
Your spell library was empty.

Dungeon Overview and Level Annotations

Branches:
Dungeon (2/15)

Altars:

Shops:
D:2 ?*


Innate Abilities, Weirdness & Mutations

You cannot wear most types of armour.
You are amphibious.
You can wear up to eight rings at the same time.
Your skin changes colour to match your surroundings (Stealth+).
Your rubbery body absorbs attacks. (AC +1, EV +1)
((You are camouflaged when in or above water. (Stealth+)))
You have tentacles for arms and can constrict up to eight enemies at once.


Message History

A bat is nearby!
The helpless bat fails to defend itself.
You puncture the bat!
You kill the bat!
Key pressed, stopping explore.
No target in view!
No target in view!
You see here a bat corpse.
A gnoll comes into view. It is wielding a +0 spear.
A gnoll is nearby! 2 gnolls come into view.
The gnoll shouts! x2
There are monsters nearby!
There are monsters nearby!
The gnoll misses you.
The gnoll shouts!
You hit the gnoll. You grab the gnoll.
The gnoll is lightly wounded.
You constrict the gnoll, but do no damage.
The gnoll hits you with a +0 spear.
You hit the gnoll.
The gnoll is poisoned.
The gnoll is moderately wounded.
You constrict the gnoll. The gnoll misses you. The gnoll completely misses you.
You hit the gnoll.
The gnoll looks as sick as possible!
You squeeze the gnoll, but do no damage.
The gnoll is heavily wounded.
You constrict the gnoll, but do no damage.
The gnoll hits you with a +0 whip! The gnoll barely misses you.
You release your grip on the gnoll.
The gnoll attacks as it pursues you! The gnoll hits you with a +0 whip.
* * * LOW HITPOINT WARNING * * *
The gnoll attacks as it pursues you! The gnoll hits you with a +0 whip.
* * * LOW HITPOINT WARNING * * *
"Just a minor improvement..."
A door bursts open!
You hear a shout! x2
A quokka comes into view.
The gnoll attacks as it pursues you! The gnoll hits you with a +0 whip!
You die...
Xom howls with laughter!

#...# #.# .##+#..
#...# #.# #..
#...# #.# #..
#...# #.# #..
#...# #.# P...
#.gg# ##.# .....
#...# ##.†#######.
#..g# #........#
#..@####..##+##..#
#.....##.##
#####..#.# ##...#
##..'. #..#r #..#
##.# #..


You could see 3 gnolls and a quokka.

Vanquished Creatures
  An adder (D:2)
  4 dart slugs (D:1)
  3 endoplasms (D:1)
  A giant cockroach (D:2)
  8 goblins
  A hobgoblin (D:1)
  5 quokkas
  3 ball pythons
  4 bats
  2 frilled lizards
  2 kobolds
34 creatures vanquished.

Notes
Turn   | Place    | Note
-------+----------+-------------------------------------------
     0 | D:1      | Xavori the Octopode Chaos Knight began the quest for the
                  | Orb.
     0 | D:1      | Reached XP level 1. HP: 16/16 MP: 1/1
   254 | D:1      | XOM: confuse monster(s)
   298 | D:1      | Reached XP level 2. HP: 21/21 MP: 2/2
   431 | D:1      | XOM: divination: magic mapping
   437 | D:1      | Reached XP level 3. HP: 22/26 MP: 3/3
   453 | D:1      | XOM: silly message
   473 | D:1      | XOM: noise
   794 | D:1      | XOM: divination: detect creatures
   989 | D:2      | XOM: noise
  1604 | D:1      | XOM: scenery: 1 doors close
  1808 | D:1      | XOM is BORED!
  1808 | D:1      | XOM: silly message
  1864 | D:1      | XOM is BORED!
  1864 | D:1      | XOM: silly message
  2033 | D:1      | XOM: god gift: 5 stones
  2083 | D:1      | XOM is BORED!
  2083 | D:1      | XOM: noise
  2295 | D:1      | XOM: silly message
  2418 | D:1      | XOM is BORED!
  2418 | D:1      | XOM: noise
  3053 | D:1      | XOM: silly message
  3212 | D:1      | XOM: divination: magic mapping
  3579 | D:1      | XOM is BORED!
  3579 | D:1      | XOM: noise
  3919 | D:1      | XOM: scenery: 1 doors open
  3929 | D:1      | XOM: divination: magic mapping
  4058 | D:1      | XOM: noise
  4906 | D:1      | XOM: divination: detect creatures
  5773 | D:1      | XOM is BORED!
  5773 | D:1      | XOM: noise
  6692 | D:1      | XOM: noise
  6709 | D:1      | XOM: divination: magic mapping
  6990 | D:1      | XOM is BORED!
  7114 | D:1      | XOM: god gift: phantom mirror
  7217 | D:1      | XOM: divination: detect items
  7656 | D:1      | XOM: god gift: fizzy pink potion {god gift}
  7837 | D:1      | XOM: scenery: 1 doors close
  8054 | D:1      | XOM: god gift: atropa-tipped dart
  8558 | D:1      | XOM: stat loss: -1 Str (10/11)
  8624 | D:1      | XOM is BORED!
 10368 | D:2      | Found Yminagou's Magic Scroll Shoppe.
 10368 | D:2      | XOM: 2-stop teleportation journey
 10370 | D:2      | Bought a scroll of fear for 56 gold pieces
 10370 | D:2      | Bought a scroll of teleportation for 42 gold pieces
 10439 | D:2      | Found Plog's Assorted Antiques.
 10457 | D:2      | XOM: 1-stop teleportation journey
 10484 | D:2      | XOM: scenery: 1 doors open
 10484 | D:2      | Slain by a gnoll

Illustrated notes

Levels and vault maps discovered:
D:1:      dpeg_arrival_stonehenge_8_columns, layout_basic, minivault_14,
          roderic_nine_men_s_morris, minmay_small_reverse_x
D:2:      wad_pebble_path, layout_basic, serial_shops, shop,
          nicolae_shop_hallway_plus, nicolae_shop_behind_doors, shop,
          corexii_shack, st_stairs_13, minmay_box_of_dots, uniq_terence

Skill      XL: |  1  2  3 |
---------------+----------+-----
Dodging        | 3 |  3.1
Fighting       | |  3.6
Short Blades   | |  3.5
Evocations     | |  0.2

Action                     || total
---------------------------++-------
  Melee: Short sword       ||    18
         Constrict         ||    17
         Tentacles         ||    16
         Dagger            ||    47
         Punch             ||     1
    Use: Potion            ||     1
   Stab: Sleeping          ||     6
 Armour: Skin              ||    29
  Dodge: Dodged            ||    28

Table legend: (Time is in decaauts)
 A = Elapsed time spent in this place.
 B = Non-inter-level travel time spent in this place.
 C = Inter-level travel time spent in this place.
 D = Time resting spent in this place.
 E = Time spent auto-exploring this place.
 F = Levels seen in this place.
 G = Mean time per level.
                   A        B        C        D        E       F      G
               +--------+--------+--------+--------+--------+-----+--------+
         Total |  10474 |  10454 |     20 |   9303 |    924 |   2 | 5237.0 |
       Dungeon |  10474 |  10454 |     20 |   9303 |    924 |   2 | 5237.0 |
               +--------+--------+--------+--------+--------+-----+--------+

Top non-repeatable levels by time:
     D:1: 10242 daAuts
     D:2: 232 daAuts
